 Dungeon Crawl Stone Soup version 0.31.0-11-ge490571c62 (webtiles) character file.

Game seed: 15140415133444357018

20 Gadfly the Changeling (level 2, -17/27 HPs)
             Began as a Troll Shapeshifter on Jan 27, 2024.
             Killed by an exploding goblin (44 damage)
             ... ignited by their inner flame
             ... on level 1 of the Dungeon.
             The game lasted 00:01:14 (439 turns).

Gadfly the Changeling (Troll Shapeshifter)           Turns: 439, Time: 00:01:14

Health: -17/27     AC:  5    Str: 21    XL:     2   Next: 58%
Magic:  1/1        EV:  9    Int:  6    God:
Gold:   16         SH:  0    Dex:  9    Spells: 1/1 levels left

rFire   . .          .
                       - Unarmed
rCold   . . .        (no shield)
rNeg    . . .        a - +1 animal skin
rPois   .            (helmet currently unavailable)
rElec   .            (cloak currently unavailable)
rCorr   .            (gloves unavailable)
SInv    .            (boots unavailable)
Will    .....        (no amulet)
Stlth   +            (no ring)
HPRegen 1.04/turn    (no ring)
MPRegen 0.07/turn

%: no passive effects
@: beast-form
A: beast (slay +1), large, unfitting armour, claws 3, regeneration 1, shaggy fur
1, tough skin 1
a: Begin Untransformation


You were on level 1 of the Dungeon.
You were a hulking beast.
You visited 1 branch of the dungeon, and saw 1 of its levels.

You collected 16 gold pieces.

Inventory:

Armour
 a - a +1 animal skin (worn)
Talismans
 c - a beast talisman
 d - a flux talisman
Potions
 b - a potion of lignification
 e - a potion of curing
 f - a potion of enlightenment
 i - a potion of berserk rage
 j - a potion of cancellation {unknown}
 m - a potion of might {unknown}


   Skills:
 + Level 1.2 Fighting
 * Level 1.9 Dodging
 + Level 3.1 Unarmed Combat
 * Level 0.6 Evocations
 + Level 3.1 Shapeshifting


You had one spell level left.
You didn't know any spells.
Your spell library was empty.

Dungeon Overview and Level Annotations

Branches:
Dungeon (1/15)

Altars:


Innate Abilities, Weirdness & Mutations

You are a hulking beast.
Your limbs bulge with bestial killing power. (Slay +1)
You are too large for most types of armour.
You have claws for hands.
Your natural rate of healing is unusually fast.
You are covered in fur. (AC +1)
You have tough skin. (AC +1)


Message History

A goblin comes into view. It is wielding a +0 dagger.
The goblin shouts!
A quokka comes into view.
The goblin moves out of view.
The goblin hits you with a +0 dagger.
You closely miss the goblin. The goblin hits you but does no damage.
You closely miss the goblin. The goblin closely misses you.
As you read the scroll labelled TASKEYTIOLL, it crumbles to dust.
It is a scroll of identify.
i - a potion of berserk rage The goblin hits you with a +0 dagger.
As you read the scroll of identify, it crumbles to dust.
f - a potion of enlightenment The goblin hits you but does no damage.
As you read the scroll of identify, it crumbles to dust.
e - a potion of curing The goblin hits you but does no damage.
Okay, then.
The air fills with toxic fumes!
As you read the scroll labelled CITSYQ EGYCRURAXY, it crumbles to dust.
It was a scroll of poison.
The goblin hits you but does no damage.
As you read the scroll labelled GUPUEG ECWEKKUZACS, it crumbles to dust.
It is a scroll of enchant weapon.
You aren't carrying any weapons that can be enchanted.
The goblin hits you but does no damage.
As you read the scroll labelled MULIMU ETIU, it crumbles to dust.
The creatures around you are filled with an inner flame!
It was a scroll of immolation.
The goblin hits you with a +0 dagger.
As you read the scroll labelled HUENO WILEF, it crumbles to dust.
It is a scroll of enchant armour.
Your +0 animal skin glows green for a moment.
The goblin hits you but does no damage.
There are monsters nearby!
There are monsters nearby!
You claw the goblin!
The goblin explodes!
The fiery explosion engulfs the quokka!!
The fiery explosion engulfs you!!!
Ouch! That really hurt!
You die...

...##+#+#'##..##.#
#†##...
#####.#.#.######.#
#.#..(#
##8.♣.♣.8#####.####
#.#...#
##.......##.......#
#......
##...<...##§#####.#
#.......
###########§#####.###
#.......
##8..>..8##§§§§§.....
....#...#
##.......##§§§§##.#.
##.##...#
##8.8_8.8##.##h#
#.....##
#####8#####§§§§§§§#
#.####
#########§§§§§§###
#§§§§§§§§§
#§#####§§§§ # #§####
#§# #§#


There were no monsters in sight!

Vanquished Creatures
  2 endoplasms (D:1)
  A giant cockroach (D:1)
  2 goblins (D:1)
  A hobgoblin (D:1)
  4 jackals (D:1)
  A kobold (D:1)
  A quokka (D:1)
  A ball python (D:1)
  2 bats (D:1)
  3 frilled lizards (D:1)
  3 rats (D:1)
21 creatures vanquished.

Notes
Turn   | Place    | Note
-------+----------+-------------------------------------------
     0 | D:1      | Gadfly the Troll Shapeshifter began the quest for the Orb.
     0 | D:1      | Reached XP level 1. HP: 18/18 MP: 0/0
    48 | D:1      | Reached skill level 1 in Fighting
    55 | D:1      | Reached XP level 2. HP: 27/27 MP: 1/1
   439 | D:1      | Killed by an exploding goblin... ignited by their inner
                  | flame

Illustrated notes

Levels and vault maps discovered:
D:1:      spicycebolla_arrival_ecumenical, layout_loops_ring

Skill      XL: |  1 |
---------------+----+-----
Fighting       | 1 |  1.2
Dodging        | |  1.9
Unarmed Combat | |  3.1
Evocations     | |  0.6
Shapeshifting  | |  3.1

Action                     || total
---------------------------++-------
  Melee: Unarmed           ||    44
         Punch             ||     2
    Use: Scroll            ||     7
   Stab: Sleeping          ||     1
 Armour: Animal skin       ||    33
  Dodge: Dodged            ||    26
